 Dungeon Crawl Stone Soup version 0.28-a0-479-g5baa6b73be (webtiles) character file.

Game seed: 3576362239746301284

1656 avis the Skirmisher (level 9, -5/75 HPs)
             Began as an Octopode Transmuter on Sept 18, 2021.
             Was an Initiate of Gozag.
             Slain by a wraith (10 damage)
             ... on level 6 of the Dungeon.
             The game lasted 00:45:46 (7962 turns).

avis the Skirmisher (Octopode Transmuter)           Turns: 7962, Time: 00:45:47

Health: -5/75      AC:  6    Str: 12    XL:     9   Next: 0%
Magic:  13/13      EV: 10    Int: 16    God:    Gozag
Gold:   235        SH:  0    Dex: 12    Spells: 6/14 levels left

rFire   x . .      SeeInvis .     - Unarmed
rCold   + + +      Faith    .   (shield currently unavailable)
rNeg    . . .      Spirit   .   (helmet currently unavailable)
rPois   +          Reflect  .   k - amulet of magic regeneration
rElec   .          Harm     .   d - ring of poison resistance
rCorr   .          Rampage  .   (no ring)
Will    .....                   (no ring)
Stlth   ++........              (no ring)
HPRegen 0.22/turn               (no ring)
MPRegen 0.38/turn               (no ring)
                                (no ring)
                                (no ring)

@: ice-form, gold aura, slowed, very slow
A: freezing attack, boosted hp, almost no armour, amphibious, 8 rings, large,
(camouflage 1), (gelatinous body 1), (nimble swimmer 1), (tentacles)
a: End Transformation, Renounce Religion, Potion Petition, Call Merchant, Bribe
Branch


You were on level 6 of the Dungeon.
You worshipped Gozag.
Gozag was aware of your devotion.
You were a creature of crystalline ice.
You visited 2 branches of the dungeon, and saw 7 of its levels.
You also visited: Sewer.

You collected 557 gold pieces.
You paid 322 gold pieces to Gozag.

Inventory:

Hand Weapons
 a - a +1 short sword of electrocution
 b - a +4 hand crossbow (melded)
Missiles
 h - 7 atropa-tipped darts
 i - 17 bolts
 j - 2 throwing nets
 m - 2 stones
 n - 36 poisoned darts
 r - 2 boomerangs
 u - 23 arrows
 w - 12 sling bullets
Jewellery
 d - a ring of poison resistance (left front paw)
 k - an amulet of magic regeneration (around neck)
Wands
 s - a wand of acid (9)
 x - a wand of polymorph (8)
 y - a wand of flame (17)
 A - a wand of digging (6)
Scrolls
 e - a scroll of teleportation
 t - a scroll of fog {unknown}
Potions
 c - a potion of might
 f - a potion of haste
 g - a potion of ambrosia {unknown}
 l - 2 potions of attraction
 p - a potion of mutation {unknown}
 q - 2 potions of flight
 v - a potion of brilliance {unknown}
 z - 3 potions of curing


   Skills:
 * Level 6.5 Fighting
 - Level 3.0 Dodging
 - Level 2.0 Stealth
 - Level 6.0 Unarmed Combat
 - Level 3.0 Spellcasting
 - Level 4.0 Transmutations
 - Level 4.0 Ice Magic
 - Level 3.0 Poison Magic


You had 6 spell levels left.
You knew the following spells:

 Your Spells              Type           Power      Damage    Failure   Level
a - Beastly Appendage     Tmut           30%        N/A       3%          1
p - Spider Form           Tmut/Pois      6%         N/A       13%         3
q - Ice Form              Ice/Tmut       15%        N/A       34%         4

Your spell library contained the following spells:

 Spells                   Type           Power      Damage    Failure   Level
 Wereblood                Tmut           15%        N/A       5%          2
 Ensorcelled Hibernation  Hex/Ice        16%        N/A       12%         2
 Shock                    Conj/Air       8%         1d3       19%         1
 Gell's Gravitas          Tloc           1%         N/A       50%         3
 Lesser Beckoning         Tloc           2%         N/A       50%         3
 Swiftness                Air            2%         N/A       50%         3
 Teleport Other           Tloc           2%         N/A       50%         3
 Tukima's Dance           Hex            2%         N/A       50%         3
 Airstrike                Air            1%         N/A       88%         4


Dungeon Overview and Level Annotations

Branches:
Dungeon (6/15)             Temple (1/1) D:5           Sewer (visited)

Altars:
Ashenzari
Dithmenos
Elyvilon
Fedhas
Gozag
Hepliaklqana
Kikubaaqudgha
Makhleb
Okawaru
Trog
Wu Jian
Xom
Zin
The Shining One


Innate Abilities, Weirdness & Mutations

You are a creature of crystalline ice.
You have a powerful freezing melee attack.
Your maximum health is increased.
Your armour is entirely melded.
You are incapable of wielding weapons or throwing items.
You cannot wear most types of armour.
You are amphibious.
You can wear up to eight rings at the same time.
((Your skin changes colour to match your surroundings (Stealth+).))
((Your rubbery body absorbs attacks. (AC +1, EV +1)))
((You are camouflaged near water. (Stealth+)))
((You have tentacles for arms and can constrict up to eight enemies at once.))


Message History

You start resting.
You feel yourself slow down.
You start resting.
A wraith comes into view.
Casting: Spider Form (dangerous; 13% risk of failure)
Confirm with . or Enter, or press ? or * to list all spells.
The spell is quite dangerous to cast (34% risk of failure)!
Continue anyway?
You turn into a creature of crystalline ice.
Your +4 hand crossbow melds into your body.
You punch the wraith! You freeze the wraith.
The wraith is moderately damaged.
The wraith hits you. The wraith drains your vigour!
You feel yourself slow down.
You hit the wraith but do no damage.
The wraith is moderately damaged.
The wraith hits you but does no damage.
You punch the wraith! You freeze the wraith.
The wraith is heavily damaged.
The wraith closely misses you. The wraith barely misses you.
You hit the wraith but do no damage.
The wraith is heavily damaged.
The wraith barely misses you.
You hit the wraith but do no damage.
The wraith is heavily damaged.
The wraith completely misses you.
You hit the wraith.
The wraith is heavily damaged.
The wraith hits you but does no damage. The wraith hits you!
* * * LOW HITPOINT WARNING * * *
You barely miss the wraith.
The wraith is heavily damaged.
The wraith hits you!
* * * LOW HITPOINT WARNING * * *
The wraith drains your vigour!
You feel as though you will be slow longer.
You hit the wraith but do no damage.
The wraith is heavily damaged.
The wraith hits you!
You die...
Your body crumbles into a pile of gold.

##)....# #.#
......## #.#
#..#### #.#
#... #.#
#..# #.#
...# #.#
##.# #.# #.#
#.#####.##.#
#...YW.....#
############


You could see a wraith.

Vanquished Creatures
  Maggie (D:6)
  An ice beast (D:5)
  A necrophage (D:4)
  An ogre (D:4)
  Blork the orc (D:5)
  A wyvern zombie (D:5)
  A kobold brigand (Sewer)
  3 scorpions (D:5)
  2 water moccasin zombies (D:6)
  A bullfrog zombie (D:5)
  2 hounds
  A gnoll shaman (D:3)
  2 orc priests
  A centaur skeleton (D:5)
  4 iguanas
  3 orc wizards
  A killer bee zombie (D:4)
  A hound skeleton (D:4)
  3 adders (D:5)
  5 gnolls
  2 river rats (Sewer)
  4 worms
  A dart slug (D:1)
  15 orcs
  3 ball pythons
  7 bats (D:1)
  7 endoplasms
  8 goblins
  15 hobgoblins
  A jackal (Sewer)
  16 kobolds
  2 quokkas
  6 frilled lizards
  11 rats
134 creatures vanquished.

Vanquished Creatures (others)
  4 gnolls (D:6)
  An orc (D:5)
5 creatures vanquished.

Grand Total: 139 creatures vanquished

Notes
Turn   | Place    | Note
-------+----------+-------------------------------------------
     0 | D:1      | avis the Octopode Transmuter began the quest for the Orb.
     0 | D:1      | Reached XP level 1. HP: 13/13 MP: 3/3
   287 | D:1      | Reached XP level 2. HP: 17/19 MP: 3/5
   329 | D:1      | Reached skill level 1 in Stealth
   382 | D:1      | Reached skill level 1 in Poison Magic
   945 | D:1      | Reached XP level 3. HP: 24/24 MP: 4/6
  1015 | D:1      | Learned a level 3 spell: Spider Form
  2212 | D:2      | Reached XP level 4. HP: 29/29 MP: 5/7
  3166 | D:4      | Reached XP level 5. HP: 25/36 MP: 8/8
  3706 | D:4      | Noticed a necrophage
  3717 | D:4      | Killed a necrophage
  3718 | D:4      | Reached XP level 6. HP: 34/43 MP: 9/9
  4490 | D:4      | Reached skill level 5 in Fighting
  5040 | D:4      | Reached XP level 7. HP: 37/50 MP: 10/10
  5346 | D:3      | Reached skill level 5 in Unarmed Combat
  5743 | D:5      | Entered Level 5 of the Dungeon
  5888 | D:5      | Found a staircase to the Ecumenical Temple.
  5895 | Temple   | Entered the Ecumenical Temple
  5898 | Temple   | Became a worshipper of Gozag Ym Sagoz the Greedy
  6266 | D:5      | Found a glowing drain.
  6270 | Sewer    | Entered a sewer
  6311 | Sewer    | Learned a level 4 spell: Ice Form
  6403 | Sewer    | Found a white marble altar of Elyvilon.
  6539 | D:5      | Reached skill level 1 in Ice Magic
  6570 | D:5      | Noticed Blork the orc
  6584 | D:5      | Killed Blork the orc
  6585 | D:5      | Reached XP level 8. HP: 40/55 MP: 12/12
  7826 | D:6      | Noticed Maggie
  7841 | D:6      | Noticed a troll
  7850 | D:6      | Killed Maggie
  7851 | D:6      | Reached XP level 9. HP: 8/63 MP: 13/13
  7962 | D:6      | Slain by a wraith

Illustrated notes

Levels and vault maps discovered:
D:1:      minmay_arrival_solitary_statue, layout_basic, minmay_distorted
D:2:      layout_basic, minmay_cupped
D:3:      layout_rooms
D:4:      layout_layer_cave
D:5:      layout_loops_corners, minmay_temple_entry_butterflies,
          gup_sewer_entry_spiral, uniq_blork_the_orc
D:6:      layout_loops_ring, lemuel_old_faithful, uniq_maggie
Temple:   dpeg_three_leaves_temple

Skill      XL: |  1  2  3  4  5  6  7  8 |
---------------+-------------------------+-----
Fighting       | 2 3 4 5 6 |  6.5
Stealth        | 1 2 |  2.0
Poison Magic   | 2 3 |  3.0
Transmutations | 3 4 |  4.0
Unarmed Combat | 4 5 6 |  6.0
Dodging        | 3 |  3.0
Spellcasting   | 3 |  3.0
Ice Magic      | 2 4 |  4.0

Action                   |  1- 3 |  4- 6 |  7- 9 || total
-------------------------+-------+-------+-------++-------
Melee: Unarmed           |    91 |   115 |   165 ||   371
       Constrict         |    25 |     5 |     6 ||    36
       Kick              |    17 |     3 |    10 ||    30
       Tentacles         |    11 |     3 |     9 ||    23
       Short sword       |       |     5 |    26 ||    31
       Punch             |       |     1 |     4 ||     5
 Cast: Beastly Appendage |    33 |     5 |    10 ||    48
       Spider Form       |     4 |    25 |    22 ||    51
       Ice Form          |       |       |     1 ||     1
Invok: Potion Petition   |       |       |     1 ||     1
  Use: Scroll            |       |       |    11 ||    11
       Potion            |       |       |     1 ||     1
 Stab: Sleeping          |    10 |     1 |     4 ||    15
Armor: Skin              |     8 |    11 |    12 ||    31
Dodge: Dodged            |    46 |    73 |   154 ||   273

Table legend: (Time is in decaauts)
 A = Elapsed time spent in this place.
 B = Non-inter-level travel time spent in this place.
 C = Inter-level travel time spent in this place.
 D = Time resting spent in this place.
 E = Time spent auto-exploring this place.
 F = Levels seen in this place.
 G = Mean time per level.
                   A        B        C        D        E       F      G
               +--------+--------+--------+--------+--------+-----+--------+
         Total |   7939 |   7438 |    501 |   2531 |   2345 |   8 |  992.4 |
       Dungeon |   7730 |   7229 |    501 |   2521 |   2345 |   6 | 1288.3 |
        Temple |     14 |     14 |      0 |      0 |      0 |   1 |   14.0 |
         Sewer |    194 |    194 |      0 |     10 |      0 |   1 |  194.0 |
               +--------+--------+--------+--------+--------+-----+--------+

Top non-repeatable levels by time:
     D:4: 1835 daAuts
     D:5: 1616 daAuts
     D:1: 1525 daAuts
     D:3: 1481 daAuts
     D:2: 970 daAuts
     D:6: 301 daAuts
   Sewer: 194 daAuts
  Temple: 14 daAuts
